 Dungeon Crawl Stone Soup version 0.26-a0-259-g1effd001a9 (webtiles) character file.

Game seed: 6794343417994861400

197 vurker the Chiller (level 5, 0/42 HPs)
             Began as a Draconian Ice Elementalist on July 15, 2020.
             Slain by a wight
             ... wielding a +0 spear
              (6 damage)
             ... on level 3 of the Dungeon.
             The game lasted 00:04:35 (3309 turns).

vurker the Chiller (Draconian Ice Elementalist)     Turns: 3309, Time: 00:04:36

Health: 0/42       AC:  6    Str: 10    XL:     5   Next: 46%
Magic:  1/10       EV: 11    Int: 16    God:
Gold:   124        SH:  0    Dex: 12    Spells: 3/11 levels left

rFire    . . .     SeeInvis .   f - +1 dagger
rCold    . . .     Faith    .   (no shield)
rNeg     . . .     Spirit   .   (armour unavailable)
rPois    .         Reflect  .   (helmet restricted)
rElec    .         Harm     .   d - +0 cloak
rCorr    .                      (no gloves)
MR       .....                  (no boots)
Stlth    +.........             (no amulet)
HPRegen  0.14/turn              (no ring)
MPRegen  0.12/turn              (no ring)

@: very slightly contaminated, heavily drained
A: unfitting armour, cold-blooded, AC +5
a: no special abilities


You were on level 3 of the Dungeon.
You were not hungry.

You visited 1 branch of the dungeon, and saw 3 of its levels.

You collected 124 gold pieces.

Inventory:

Hand Weapons
 f - a +1 dagger (weapon)
   (You took it off a kobold on level 1 of the Dungeon)
Armour
 d - a +0 cloak (worn)
   (You found it on level 1 of the Dungeon)
Scrolls
 g - 2 scrolls of enchant weapon
 h - 2 scrolls of teleportation {unknown}
 l - a scroll of remove curse
 m - a scroll of immolation {unknown}
 p - a scroll of identify
Potions
 a - a potion of curing
 b - a potion of resistance {unknown}
 c - a potion of brilliance {unknown}
 i - 2 potions of cancellation
 j - a potion of magic
 k - 2 potions of might
 n - a potion of invisibility
 o - a potion of haste {unknown}
Comestibles
 e - 6 rations


   Skills:
 + Level 2.3(0.0) Fighting
 - Level 1.7(0.0) Dodging
 - Level 1.7(0.0) Stealth
 * Level 3.5(1.1) Spellcasting
 * Level 0.8(0.0) Conjurations
 * Level 5.2(2.6) Ice Magic


You had 3 spell levels left.
You knew the following spells:

 Your Spells              Type           Power        Failure   Level
a - Freeze                Ice            #...         8%          1
b - Frozen Ramparts       Ice            #.....       22%         3
c - Hailstorm             Conj/Ice       #.......     78%         4

Your spell library contained the following spells:

 Spells                   Type           Power        Failure   Level
 Magic Dart               Conj           #...         22%         1
 Blink                    Tloc           N/A          34%         2
 Call Imp                 Summ           #.......     34%         2
 Slow                     Hex            #.......     34%         2
 Ozocubu's Armour         Chrm/Ice       #.......     36%         3
 Conjure Flame            Conj/Fire      #.......     56%         3
 Mephitic Cloud           Conj/Pois/Air  #.......     56%         3
 Summon Ice Beast         Ice/Summ       #.......     78%         4


Dungeon Overview and Level Annotations

Branches:
Dungeon (3/15)

Altars:
Okawaru
Ru
The Shining One


Innate Abilities, Weirdness & Mutations

Your plain brown scales are hard. (AC +5)
You cannot fit into any form of body armour.
You are cold-blooded and may be slowed by cold attacks.


Message History

The wight completely resists.
You freeze the wight but do no damage. The wight hits you with a +0 spear.
* * * LOW HITPOINT WARNING * * *
You feel drained.
Aim: a wight, wielding a +0 spear and wearing a +0 robe (heavily damaged)
The wight resists.
You freeze the wight. The wight barely misses you.
You hit the wight. The wight hits you with a +0 spear.
* * * LOW HITPOINT WARNING * * *
Aim: a wight, wielding a +0 spear and wearing a +0 robe (severely damaged)
The wight completely resists.
You freeze the wight but do no damage. The wight hits you but does no damage.
Unknown command.
Aim: a wight, wielding a +0 spear and wearing a +0 robe (severely damaged)
The wight completely resists.
You freeze the wight but do no damage. The wight barely misses you.
Unknown command.
You closely miss the wight. The wight hits you but does no damage.
You don't have enough magic to cast that spell.
You closely miss the wight. The wight hits you but does no damage.
Aim: a wight, wielding a +0 spear and wearing a +0 robe (severely damaged)
You miscast Freeze.
You are very lightly contaminated with residual magic.
Nothing appears to happen.
The wight hits you but does no damage.
Unknown command.
You don't have enough magic to cast that spell.
You barely miss the wight. The wight barely misses you.
Unknown command.
You don't have enough magic to cast that spell.
You hit the wight but do no damage. The wight misses you.
You don't have enough magic to cast that spell.
You barely miss the wight. The wight closely misses you.
Unknown command.
You hit the wight but do no damage. The wight closely misses you.
Unknown command.
You don't have enough magic to cast that spell.
You don't have enough magic to cast that spell.
You don't have enough magic to cast that spell.
You don't have enough magic to cast that spell.
You closely miss the wight. The wight hits you with a +0 spear.
* * * LOW HITPOINT WARNING * * *
You hit the wight. The wight hits you but does no damage.
You hit the wight but do no damage. The wight closely misses you.
You hit the wight but do no damage. The wight misses you.
You hit the wight.
Your tail-slap misses the wight.
The wight hits you but does no damage.
You hit the wight but do no damage.
Your tail-slap misses the wight.
The wight hits you but does no damage.
You hit the wight but do no damage. The wight barely misses you.
You barely miss the wight. The wight hits you with a +0 spear.
You die...

.....####### ...###
...........# .....
...........# ....
...........# ###....
#..........# ##....#
#....†.....# #.....#
...#(......# #.....# ....
...#.##..#####...###.....
................@......$.
.....##.####.#..z##.....
. .....##.#
#......##...#. ..
##.#.##.# #......##≈≈≈#
#... .#...##.#
#......#.≈≈≈#.≈...
.###..#.#
#....)..≈.≈≈..≈≈.≈
..!#†.#.#
#...###(≈....≈.≈≈≈
##.#....# #...#
#..≈≈≈≈≈≈.≈≈ ........#
##+# ##≈..≈....≈♣


You could see a wight.

Vanquished Creatures
  A wight (D:2)
  A jelly (D:3)
  A gnoll (D:1)
  5 adders (D:2)
  An adder zombie (D:3)
  3 worms (D:2)
  6 bats
  3 giant cockroaches
  8 goblins
  8 hobgoblins
  7 jackals
  7 frilled lizards
  5 kobolds
  8 rats
64 creatures vanquished.

Notes
Turn   | Place    | Note
-------+----------+-------------------------------------------
     0 | D:1      | vurker the Draconian Ice Elementalist began the quest for
                  | the Orb.
     0 | D:1      | Reached XP level 1. HP: 14/14 MP: 3/3
   249 | D:1      | Reached XP level 2. HP: 16/22 MP: 0/5
   394 | D:1      | Reached skill level 1 in Fighting
   740 | D:1      | Found a sacrificial altar of Ru.
   850 | D:1      | Reached XP level 3. HP: 22/28 MP: 6/6
   918 | D:1      | Learned a level 3 spell: Frozen Ramparts
  1774 | D:2      | Reached XP level 4. HP: 28/36 MP: 3/8
  1992 | D:2      | Found a faded altar of an unknown god.
  2355 | D:2      | Found an iron altar of Okawaru.
  2356 | D:2      | Found a glowing golden altar of the Shining One.
  2588 | D:3      | Reached skill level 5 in Ice Magic
  2588 | D:3      | Reached XP level 5. HP: 41/41 MP: 2/10
  2658 | D:3      | Learned a level 4 spell: Hailstorm
  3309 | D:3      | Slain by a wight

Illustrated notes

Levels and vault maps discovered:
D:1:      nzn_arrival_depleted_hourglass, layout_loops_ring,
          kennysheep_flooded_box, hex_tiny
D:2:      layout_loops_ring, grunt_temple_overflow_open,
          chequers_ecumenical_altar_simple_redux
D:3:      layout_basic, nicolae_overflow_crystal_walls,
          chequers_serial_rivers_marsh

Skill      XL: |  1  2  3  4 |
---------------+-------------+-----
Fighting       | 1 2 |  2.3
Spellcasting   | 3 |  3.5
Ice Magic      | 5 |  5.2
Dodging        | |  1.7
Stealth        | |  1.7
Conjurations   | |  0.8

Action                   |  1- 3 |  4- 6 || total
-------------------------+-------+-------++-------
Melee: Dagger            |    87 |    63 ||   150
       Unarmed           |     3 |       ||     3
       Tailslap          |     6 |     8 ||    14
 Cast: Freeze            |    40 |    39 ||    79
       Frozen Ramparts   |       |     6 ||     6
  Use: Scroll            |       |     7 ||     7
 Stab: Sleeping          |     1 |     1 ||     2
  Eat: Ration            |     1 |     1 ||     2
Armor: Skin              |    43 |    21 ||    64
Dodge: Dodged            |    87 |    54 ||   141

Table legend:
 A = Non-vault XP
 B = Vault XP
 C = Vault XP percentage of total XP
 D = Non-vault monster count
 E = Vault monster count
 F = Vault count percentage of total count
                 A         B        C        D         E       F
            +---------+---------+-------+---------+---------+-------
      Total |     282 |       0 |   0.0 |      64 |       0 |   0.0
            +---------+---------+-------+---------+---------+-------
        D:1 |      46 |       0 |   0.0 |      20 |       0 |   0.0
        D:2 |     178 |       0 |   0.0 |      33 |       0 |   0.0
        D:3 |      58 |       0 |   0.0 |      11 |       0 |   0.0
            +---------+---------+-------+---------+---------+-------
